 Dungeon Crawl Stone Soup version 0.31-a0-152-g6aa68a64a1 (webtiles) character file.

Game seed: 5100285973733533558

54 qw the Shooter (level 3, -4/32 HPs)
             Began as a Naga Hunter on June 9, 2023.
             Shot with a sling bullet by a goblin (6 damage)
             ... led by Robin
             ... on level 3 of the Dungeon.
             The game lasted 00:00:26 (1699 turns).

qw the Shooter (Naga Hunter)                        Turns: 1699, Time: 00:00:26

Health: -4/32      AC:  2    Str: 13    XL:     3   Next: 91%
Magic:  3/3        EV: 10    Int:  9    God:
Gold:   51         SH:  5    Dex: 16    Spells: 2/2 levels left

rFire   . . .        Y - +0 shortbow
rCold   . . .        (shield currently unavailable)
rNeg    . . .        g - +0 robe {Will+}
rPois   +            (no helmet)
rElec   .            (no cloak)
rCorr   .            (no gloves)
SInv    +            (no barding)
Will    +....        e - amulet of reflection
Stlth   ++           (no ring)
HPRegen 0.25/turn    (no ring)
MPRegen 0.08/turn

%: reflection
@: short of breath, very slow
A: AC +1, large, see invisible, deformed body, poison resistance, slowness 2,
spit poison 1, naga tail 1
a: Spit Poison


You were on level 3 of the Dungeon.
You visited 1 branch of the dungeon, and saw 3 of its levels.

You collected 51 gold pieces.


Innate Abilities, Weirdness & Mutations

Your serpentine skin is tough. (AC +1)
You have supernaturally acute eyesight. (SInv)
Armour fits poorly on your strangely shaped body.
Your system is resistant to poisons. (rPois)
You cover ground very slowly.
You can spit poison.
You have a snake-like lower body.


   Skills:
 - Level 2.0 Fighting
 + Level 4.9 Ranged Weapons
 - Level 1.5 Dodging
 - Level 1.5 Stealth


You had 2 spell levels left.
You didn't know any spells.
Your spell library was empty.

Inventory:

Hand Weapons
 Y - a +0 shortbow (weapon)
Armour
 c - a +0 leather armour
 f - a +0 helmet
 g - a +0 robe of willpower (worn)
Jewellery
 e - an amulet of reflection (around neck)
Scrolls
 i - a scroll of identify {unknown}
Potions
 a - a potion of magic {unknown}
 b - a potion of brilliance {unknown}
 d - a potion of mutation {unknown}
 h - a potion of lignification {unknown}
 j - a potion of heal wounds {unknown}

Dungeon Overview and Level Annotations

Branches:
Dungeon (3/15)

Altars:

Annotations:
D:3 Robin


Message History

The goblin hits you with a +0 club. The goblin hits you with a +0 dagger.
The hobgoblin barely misses you.
You shoot an arrow. The arrow hits the hobgoblin!
You kill the hobgoblin!
You hear a shout!
You block the goblin's attack.
You hear a shout!
You shoot an arrow. The arrow closely misses the goblin.
You block the goblin's attack. x3
You shoot an arrow. The arrow closely misses the goblin.
You have got your breath back.
You block the goblin's attack. The goblin hits you with a +0 dagger.
You block the goblin's attack.
1694 ||| INVOKING Spit Poison.
Aiming: Spit Poison (2% risk of failure)
Press: ? - help, Shift-Dir - straight line, f/p - goblin The splash of poison misses the goblin.
The goblin barely misses you.
A goblin comes into view. It is wielding a +0 dagger.
You block the goblin's attack. The goblin hits you with a +0 dagger.
You shoot an arrow. The arrow closely misses the goblin.
The goblin closely misses you. You block the goblin's attack. x2
You shoot an arrow. The arrow hits the goblin.
The goblin is severely wounded.
The goblin hits you with a +0 club. You block the goblin's attack.
The goblin hits you with a +0 dagger. The goblin hits you with a +0 club.
The goblin hits you with a +0 dagger.
You shoot an arrow. The arrow hits the goblin.
You kill the goblin!
The goblin misses you.
The goblin unwields a +0 dagger.
The goblin wields a +0 sling.
The goblin shoots a sling bullet.
The sling bullet barely misses you. The goblin hits you with a +0 dagger.
You shoot an arrow. The arrow barely misses the goblin.
The goblin hits you but does no damage. The goblin closely misses you.
The goblin shoots a sling bullet.
The sling bullet barely misses you.
You shoot an arrow. The arrow hits the goblin.
You kill the goblin!
The goblin hits you with a +0 dagger.
The goblin shoots a sling bullet.
The sling bullet hits you.
You die...

..## .....##########
......g@)......
..##.##))######
##+###g....# .#
#...g...##.# #.#
#.......##.# #.# ##.##
#..g<...##.# #.#.##...
''..S....##.###.#......
##)S.....##........)...
gg..............#######


You could see 2 goblins.

Vanquished Creatures
  An adder (D:3)
  A dart slug (D:2)
  2 bats
  4 endoplasms
  A giant cockroach (D:1)
  13 goblins
  3 hobgoblins
  4 kobolds
  2 quokkas (D:2)
  3 ball pythons (D:3)
  2 frilled lizards
  2 rats
38 creatures vanquished.

Notes
Turn   | Place    | Note
-------+----------+-------------------------------------------
     0 | D:1      | qw the Naga Hunter began the quest for the Orb.
     0 | D:1      | Reached XP level 1. HP: 19/19 MP: 1/1
     0 | D:1      | 0 ||| qw: Version: 0.2-a-122-gbc61b45
     0 | D:1      | 0 ||| qw: Game counter: 3314
     0 | D:1      | 0 ||| qw: Always use a shield: true
     0 | D:1      | 0 ||| qw: God list: Okawaru
     0 | D:1      | 0 ||| qw: Allow faded altars: false
     0 | D:1      | 0 ||| qw: Do Orc after D:15 true
     0 | D:1      | 0 ||| qw: Do second Lair branch before Depths: true
     0 | D:1      | 0 ||| qw: Lair rune preference: random
     0 | D:1      | 0 ||| qw: Plans: Normal
     0 | D:1      | 0 ||| PLANNING D:1-11
    17 | D:1      | 17 ||| INVOKING Spit Poison.
    58 | D:1      | 58 ||| INVOKING Spit Poison.
    67 | D:1      | Reached skill level 4 in Ranged Weapons
    67 | D:1      | Reached XP level 2. HP: 26/26 MP: 2/2
    84 | D:1      | 84 ||| INVOKING Spit Poison.
   176 | D:1      | 176 ||| INVOKING Spit Poison.
   294 | D:1      | 294 ||| INVOKING Spit Poison.
   298 | D:1      | 298 ||| INVOKING Spit Poison.
   342 | D:1      | You fall into a shaft and drop 1 floor!
   345 | D:2      | 345 ||| INVOKING Spit Poison.
   348 | D:2      | 348 ||| INVOKING Spit Poison.
   375 | D:2      | 375 ||| INVOKING Spit Poison.
   421 | D:2      | 421 ||| UPGRADING to +0 robe of willpower.
   431 | D:2      | 431 ||| UPGRADING to amulet of reflection.
   436 | D:2      | 436 ||| READING scroll labelled JOSHRU RAROLAOTATH.
   437 | D:2      | 437 ||| READING scroll labelled RAT OR KUKOS.
   438 | D:2      | 438 ||| DROPPING scroll of butterflies.
   539 | D:1      | 539 ||| INVOKING Spit Poison.
   733 | D:1      | 733 ||| INVOKING Spit Poison.
   921 | D:2      | Reached XP level 3. HP: 32/32 MP: 3/3
  1026 | D:2      | Identified the +8 dagger of Dishonour {flame, rPois Will++
                  | rCorr Str-4}
  1080 | D:2      | 1080 ||| INVOKING Spit Poison.
  1101 | D:2      | 1101 ||| INVOKING Spit Poison.
  1160 | D:2      | 1160 ||| INVOKING Spit Poison.
  1499 | D:3      | 1499 ||| INVOKING Spit Poison.
  1520 | D:3      | 1520 ||| INVOKING Spit Poison.
  1587 | D:3      | 1587 ||| INVOKING Spit Poison.
  1591 | D:3      | 1591 ||| INVOKING Spit Poison.
  1620 | D:3      | 1620 ||| INVOKING Spit Poison.
  1637 | D:3      | 1637 ||| INVOKING Spit Poison.
  1675 | D:3      | 1675 ||| INVOKING Spit Poison.
  1679 | D:3      | Noticed Robin
  1680 | D:3      | 1680 ||| Stepping ~*~*~tactically~*~*~ (outnumbered).
  1682 | D:3      | 1682 ||| INVOKING Spit Poison.
  1688 | D:3      | 1688 ||| INVOKING Spit Poison.
  1694 | D:3      | 1694 ||| INVOKING Spit Poison.
  1696 | D:3      | HP: 6/32 [goblin/+0 club[Robin] (4)]
  1699 | D:3      | HP: 2/32 [goblin/+0 dagger[Robin] (1)]
  1699 | D:3      | Shot with a sling bullet by a goblin

Levels and vault maps discovered:
D:1:      erik_arrival_blinker_ship, layout_loops_cross,
          chequers_serial_rivers_large_b, kennysheep_boxes
D:2:      layout_loops_ring
D:3:      layout_basic, kennysheep_jessica_study, uniq_robin

Skill      XL: |  1 |
---------------+----+-----
Ranged Weapons | 4 |  4.9
Fighting       | |  2.0
Dodging        | |  1.5
Stealth        | |  1.5

Action                     || total
---------------------------++-------
   Fire: Shortbow          ||    60
Ability: Spit Poison       ||    24
    Use: Scroll            ||     2
 Armour: Leather armour    ||     3
         Robe              ||     8
  Dodge: Dodged            ||    20
  Block: Other             ||    12

Table legend:
 A = Non-vault XP
 B = Vault XP
 C = Vault XP percentage of total XP
 D = Non-vault monster count
 E = Vault monster count
 F = Vault count percentage of total count
                 A         B        C        D         E       F
            +---------+---------+-------+---------+---------+-------
      Total |      69 |      11 |  13.8 |      32 |       6 |  15.8
            +---------+---------+-------+---------+---------+-------
        D:1 |      27 |       0 |   0.0 |      14 |       0 |   0.0
        D:2 |      15 |       0 |   0.0 |       8 |       0 |   0.0
        D:3 |      27 |      11 |  28.9 |      10 |       6 |  37.5
            +---------+---------+-------+---------+---------+-------
